AoeStats
← [BJTOX]Quemerorg

Nomad

510242757Analyzed
3v3 RM · 2d ago on Sep 30, 2026· 58m 12s· 6 players
Game mode
Random Map
Map size
210×210
Population
200
Speed
Normal
Resources
Standard
Victory
Conquest
Starting age
Dark Age
Ending age
Imperial Age
RankedLock teamsTeams togetherTeam positionsShared explorationLock speedFull tech treeHidden civsTurbo modeCheats
Victory
Defeat
🇺🇸 Spanish · United States
1182
+14
🇺🇸 Sicilians · United States
1151
+15
🇺🇸 Varangians · United States
1108
+17
🇦🇷 Muisca · Argentina
1194
-18
🇦🇷 Persians · Argentina
1099
-14
🇦🇷 Italians · Argentina
1098
-14
[BJTOX]pepesasia
7:30 Loom
13:10 Feudal Age
18:10 Castle Age
16:59 Fletching
19:33 Medium Warships
19:27 Double-Bit Axe
24:55 Bodkin Arrow
31:07 Padded Archer Armor
32:17 Gold Mining
32:08 Horse Collar
34:54 Ballistics
38:17 Bow Saw
38:12 Stone Mining
38:24 Heavy Plow
39:47 Leather Archer Armor
43:33 Imperial Age
44:45 Conscription
44:34 Bracer
45:48 Chemistry
47:07 Thumb Ring
48:07 Elite Genoese Crossbowman
49:55 Murder Holes
53:30 Wheelbarrow
55:52 Hand Cart
[BJTOX] Guille
6:03 Loom
14:39 Feudal Age
19:52 Castle Age
18:31 Wheelbarrow
19:56 Castle Age
18:02 Fletching
20:02 Forging
21:47 Medium Warships
29:22 Double-Bit Axe
31:31 Bloodlines
35:58 Hand Cart
35:54 Scale Barding Armor
37:03 Chain Barding Armor
37:13 Bow Saw
42:38 Imperial Age
42:36 Iron Casting
42:19 Cavalier
43:00 Husbandry
43:37 Plate Barding Armor
44:53 Blast Furnace
46:30 Savar
47:29 Gold Mining
47:30 Stone Mining
48:27 Bodkin Arrow
[BJTOX]Quemerorg
4:42 Loom
14:04 Feudal Age
19:37 Castle Age
18:16 Champi Runner
24:24 Forging
24:21 Padded Archer Armor
24:43 Double-Bit Axe
27:16 Fletching
28:21 Town Watch
34:54 Horse Collar
36:46 Leather Archer Armor
39:53 Imperial Age
41:28 Bodkin Arrow
droger144
7:46 Loom
14:38 Feudal Age
15:17 Double-Bit Axe
19:27 Forging
19:18 Scale Mail Armor
26:24 Castle Age
24:29 Fletching
24:33 Horse Collar
25:38 Padded Archer Armor
26:29 Gold Mining
27:18 Medium Warships
27:11 Bodkin Arrow
27:53 Iron Casting
27:34 Chain Mail Armor
28:56 Elite Skirmisher
30:54 Bow Saw
31:21 Fishing Lines
33:01 Wheelbarrow
32:58 Gillnets
33:51 Leather Archer Armor
39:58 Hand Cart
39:29 Town Watch
42:16 Imperial Age
40:04 Scale Barding Armor
40:12 Bloodlines
40:03 Husbandry
40:17 Heavy Plow
41:08 Chain Barding Armor
41:12 Town Patrol
43:39 Plate Barding Armor
43:27 Conscription
43:31 Hauberk
44:31 Blast Furnace
42:54 Cavalier
45:28 Gold Shaft Mining
44:44 Stone Mining
45:27 Crop Rotation
45:22 Ballistics
45:14 Siege Engineers
46:11 Chemistry
45:25 Masonry
45:11 Murder Holes
46:24 Bracer
53:46 Elite Serjeant
55:08 Hoardings
55:07 Plate Mail Armor
57:00 First Crusade
DID JAMB
3:39 Loom
14:06 Feudal Age
14:34 Double-Bit Axe
14:40 Gold Mining
22:32 Castle Age
21:04 Horse Collar
23:31 Wheelbarrow
24:05 Bow Saw
24:18 Fletching
27:12 Hand Cart
30:35 Scale Mail Armor
32:15 Stone Mining
33:07 Town Watch
33:23 Fishing Lines
34:17 Chain Mail Armor
34:11 Heavy Plow
36:08 Forging
41:43 Iron Casting
47:10 Imperial Age
48:43 Plate Mail Armor
48:16 Husbandry
48:29 Bloodlines
48:37 Scale Barding Armor
49:01 Husbandry
49:22 Gothikon
49:36 Elite Jarl
51:32 Two-Man Saw
51:06 Crop Rotation
52:18 Town Patrol
53:02 Chain Barding Armor
53:45 Conscription
54:15 Bodkin Arrow
56:07 Plate Barding Armor
57:05 Bracer
58:07 Blast Furnace
57:09 Bracer
one more game
5:37 Loom
13:14 Feudal Age
17:01 Castle Age
16:36 Double-Bit Axe
17:03 Horse Collar
18:16 Bow Saw
25:45 Padded Archer Armor
27:45 Leather Archer Armor
29:27 Wheelbarrow
28:38 Town Watch
34:34 Imperial Age
34:07 Scale Barding Armor
33:57 Gold Mining
34:36 Heavy Plow
35:39 Chain Barding Armor
35:10 Fletching
35:51 Ring Archer Armor
35:37 Bloodlines
35:27 Husbandry
37:26 Chain Barding Armor
36:27 Light Cavalry
39:43 Hand Cart
40:31 Two-Man Saw
44:39 Heavy Plow
45:24 Stone Mining
45:26 Fletching
46:00 Ballistics
46:40 Chemistry
46:54 Conscription
49:00 Stone Shaft Mining
49:26 Elite Conquistador
50:35 Supremacy
50:12 Bodkin Arrow
50:58 Bracer
51:45 Plate Barding Armor
51:21 Forging
56:08 Sanctity
57:20 Iron Casting
56:07 Hussar
56:44 Elite Skirmisher
57:30 Thumb Ring
Connection lost

Rejoining the realm…

Still unreachable

The connection could not be restored.

Session expired

The server has moved on; the page needs a fresh start.